Map: [ESL] Site Delta

Players

Future

  • Race: Terran Terran
  • Spawn Location: 11:00

Cham - Winner!

  • Race: Zerg Zerg
  • Spawn Location: 5:00

Event: ESL SC2 Masters 2023 Winter (Regional)

VOD

Have the link to the VOD?

Description

Time

  • Played on: Nov. 5, 2023, 12:22 p.m.
  • Length: 12:15

All games in this series

Show
View Real Time Build Order
Export as new Build Order

Future Terran 

Build Orders: Command Center First, Mech 

Get SALT Encoding   

  12  0:00  SCV  
  13  0:12  SCV  
  14  0:18  Supply Depot  
  14  0:24  SCV  
  15  0:39  SCV  
  16  0:51  SCV  
  17  0:59  Command Center  
  17  1:03  SCV  
  18  1:15  Barracks  
  18  1:16  SCV  
  19  1:21  Refinery  
  19  1:28  SCV  
  19  1:30  Refinery  
  20  1:40  SCV  
  21  1:52  SCV  
  22  2:02  Marine  
  22  2:05  Orbital Command  
  23  2:09  Factory  
  23  2:15  Orbital Command  
  23  2:21  Barracks Reactor  
  23  2:28  Refinery  
  23  2:32  SCV  
  24  2:40  SCV  
  25  2:44  SCV  
  26  2:52  SCV  
  26  2:56  SCV, Starport  
  26  2:57  Marine x2  
  30  3:02  Hellion  
  32  3:06  SCV  
  32  3:08  SCV  
  32  3:11  Starport  
  34  3:18  SCV  
  35  3:20  SCV  
  35  3:24  Supply Depot  
  36  3:28  Factory Tech Lab  
  36  3:30  SCV  
  36  3:32  SCV  
  36  3:33  Starport Tech Lab  
  38  3:41  Supply Depot  
  38  3:45  Marine x2  
  38  3:46  SCV x2  
  38  3:47  Siege Tank  
  45  3:49  Starport Tech Lab  
  45  3:58  Hyperflight Rotors  
  45  4:00  SCV  
  46  4:03  Viking, SCV  
  46  4:05  Supply Depot  
  46  4:07  Banshee  
  52  4:12  SCV  
  52  4:15  SCV  
  54  4:25  SCV  
  54  4:26  Marine  
  54  4:27  SCV, Marine  
  54  4:28  Supply Depot  
  56  4:32  Banshee  
  56  4:38  SCV  
  60  4:39  SCV  
  60  4:40  Supply Depot  
  60  4:44  Cloaking Field  
  61  4:50  Siege Tank  
  61  4:51  SCV x2  
  66  4:54  Banshee, Refinery  
  69  5:07  Command Center  
  69  5:21  SCV x2  
  71  5:22  Supply Depot  
  71  5:26  Banshee  
  74  5:33  SCV x2  
  74  5:35  Hellion  
  78  5:36  Factory  
  78  5:44  Banshee, Hellion  
  78  5:45  Supply Depot x2  
  78  5:47  Factory  
  78  5:48  Barracks Tech Lab  
  83  5:54  SCV  
  83  5:55  SCV  
  85  6:06  Hellion  
  85  6:09  Banshee  
  90  6:11  SCV  
  90  6:12  Armory, SCV  
  90  6:13  Armory  
  92  6:23  SCV, Refinery  
  92  6:24  SCV, Refinery  
  94  6:26  Banshee  
  97  6:35  Siege Tank  
  97  6:36  SCV x2  
  97  6:37  Engineering Bay  
  97  6:38  Orbital Command  
  97  6:39  Siege Tank  
  105  6:41  Hellion x2  
  109  6:48  SCV x2  
  109  6:51  Supply Depot  
  109  6:52  Supply Depot  
  111  7:00  SCV x2  
  113  7:04  Hellion x2  
  117  7:13  Siege Tank x2, SCV x3  
  126  7:17  Command Center  
  126  7:25  SCV x3  
  126  7:29  Hellion x2  
  131  7:38  SCV x2  
  131  7:40  SCV  
  122  7:45  Terran Vehicle Weapons Level 1, Siege Tank x2, Terran Vehicle And Ship Armor Level 1  
  122  7:46  Factory  
  122  7:47  Factory  
  122  7:50  SCV x2  
  118  7:52  SCV  
  115  8:02  SCV  
  115  8:03  SCV  
  115  8:04  SCV  
  118  8:08  Command Center, Hellion x2  
  122  8:13  Supply Depot x2  
  122  8:14  SCV  
  122  8:15  SCV  
  122  8:16  Missile Turret  
  122  8:18  Starport Reactor  
  124  8:27  Siege Tank x2  
  124  8:31  Hellion  
  124  8:34  Factory Reactor  
  132  8:35  Hellion  
  132  8:38  SCV x3  
  137  8:43  Supply Depot  
  137  8:44  Raven, Supply Depot  
  139  8:54  SCV x2  
  141  8:58  SCV  
  141  8:59  Sensor Tower  
  142  9:02  Supply Depot  
  142  9:04  Supply Depot  
  142  9:08  Sensor Tower  
  154  9:11  Siege Tank x3  
  154  9:16  Hellion x3, Infernal Pre-Igniter  
  157  9:17  Hurricane Engines  
  157  9:22  Hellion  
  159  9:27  SCV x2  
  159  9:29  SCV, Refinery  
  162  9:37  Command Center  
  162  9:41  Refinery  
  162  9:43  Siege Tank x2  
  162  9:44  Siege Tank  
  162  9:45  Hellion x2  
  175  9:54  Supply Depot  
  175  9:56  Terran Vehicle Weapons Level 2, Terran Vehicle And Ship Armor Level 2  
  170  10:14  Hellion x2  
  170  10:15  Hellion  
  170  10:17  Siege Tank x2  
  169  10:26  SCV  
  170  10:28  Orbital Command  
  170  10:30  Siege Tank  
  170  10:32  Viking x2, Banshee  
  170  10:34  Hellion x8  
  180  10:45  Hellion x4  
  188  10:52  Factory  
  188  10:54  Factory  
  188  11:02  Siege Tank  
  113  11:11  Viking  
  113  11:12  Viking  
  113  11:13  Hellion  
  113  11:14  Hellion  
  113  11:15  Banshee  
  119  11:22  Orbital Command  
  119  11:31  Siege Tank x2  
  119  11:32  Hellion x2  
  129  11:34  Hellion  
  135  11:47  Hellion x2  
Show
View Real Time Build Order
Export as new Build Order

Cham Zerg - Winner!

Build Orders: Hatch First, Swarm Host 

Get SALT Encoding   

  12  0:00  Drone  
  13  0:14  Overlord  
  13  0:19  Drone  
  14  0:34  Drone x2  
  16  0:50  Hatchery  
  16  0:52  Drone  
  16  0:55  Drone  
  17  0:59  Drone  
  18  1:11  Spawning Pool  
  18  1:14  Extractor  
  18  1:17  Drone  
  17  1:20  Drone  
  18  1:30  Drone  
  19  1:41  Drone  
  20  1:52  Drone  
  21  2:01  Queen x2  
  21  2:02  Zergling x2  
  21  2:03  Zergling x2  
  27  2:19  Metabolic Boost  
  27  2:22  Hatchery  
  26  2:25  Drone  
  26  2:27  Drone  
  28  2:41  Overlord  
  28  2:43  Overlord  
  28  2:48  Extractor  
  28  2:49  Drone, Extractor  
  28  2:50  Drone  
  30  2:57  Overlord  
  30  3:00  Drone x3  
  33  3:07  Drone  
  34  3:13  Drone x2  
  34  3:14  Drone x2  
  34  3:17  Queen  
  39  3:22  Drone  
  39  3:24  Queen  
  42  3:28  Overlord  
  42  3:31  Drone  
  42  3:33  Drone  
  44  3:37  Queen  
  46  3:44  Overlord  
  46  3:45  Drone x2  
  46  3:46  Drone  
  49  3:50  Drone  
  49  3:51  Drone x2  
  52  3:56  Queen  
  52  4:00  Queen  
  52  4:02  Overlord  
  56  4:04  Zergling x2  
  56  4:05  Zergling x2  
  56  4:06  Zergling x2  
  59  4:11  Zergling x2, Drone  
  59  4:14  Queen  
  63  4:17  Overlord  
  63  4:19  Drone  
  63  4:20  Drone  
  63  4:23  Drone  
  66  4:26  Drone x3  
  66  4:27  Drone  
  66  4:28  Drone  
  66  4:29  Drone x2  
  73  4:31  Overlord  
  73  4:35  Drone x3  
  76  4:40  Lair  
  76  4:45  Roach Warren  
  76  4:46  Spore Crawler  
  76  4:48  Spore Crawler  
  76  4:51  Drone x2, Spore Crawler  
  74  4:55  Overlord  
  74  4:57  Drone x2  
  74  4:58  Extractor  
  74  4:59  Extractor, Drone x2  
  76  5:01  Extractor  
  76  5:03  Drone x3  
  76  5:05  Extractor  
  76  5:06  Extractor, Overlord  
  76  5:08  Drone  
  76  5:09  Drone  
  76  5:10  Drone  
  76  5:13  Drone  
  80  5:15  Overlord  
  80  5:18  Evolution Chamber  
  80  5:19  Evolution Chamber  
  80  5:20  Drone  
  80  5:21  Drone x2  
  81  5:32  Overlord  
  81  5:34  Hatchery  
  80  5:37  Drone x4  
  80  5:38  Drone x2  
  80  5:39  Glial Reconstitution  
  80  5:41  Drone  
  87  5:43  Overlord  
  87  5:48  Zerg Missile Weapons Level 1  
  87  5:50  Zerg Ground Armor Level 1  
  87  5:52  Roach  
  87  5:56  Overlord  
  89  5:58  Roach x2  
  89  6:02  Roach  
  89  6:03  Roach x2  
  99  6:07  Roach x2  
  99  6:08  Roach  
  105  6:12  Roach x2  
  105  6:14  Overlord  
  109  6:20  Roach x2  
  109  6:21  Roach  
  109  6:24  Overlord  
  115  6:26  Roach x3  
  115  6:28  Overlord  
  115  6:31  Ravager x4  
  124  6:34  Roach x2  
  124  6:37  Overlord  
  128  6:42  Drone x4  
  128  6:46  Overlord  
  132  6:49  Overseer  
  127  6:55  Spore Crawler  
  127  6:56  Drone x6  
  127  7:00  Spore Crawler  
  128  7:09  Spore Crawler, Queen x2  
  128  7:10  Infestation Pit  
  128  7:11  Drone x3, Spore Crawler  
  132  7:15  Queen  
  132  7:22  Spore Crawler  
  133  7:23  Spore Crawler  
  133  7:24  Overlord  
  133  7:27  Spore Crawler  
  133  7:29  Drone x3, Spore Crawler  
  132  7:36  Roach  
  142  7:37  Roach x4  
  131  7:47  Zergling x10  
  131  7:48  Zergling x12  
  107  7:59  Zerg Ground Armor Level 2, Zerg Missile Weapons Level 2  
  107  8:00  Extractor, Drone  
  107  8:02  Drone, Spire  
  107  8:08  Drone x2  
  107  8:11  Drone x5  
  107  8:12  Spore Crawler  
  113  8:13  Drone  
  113  8:19  Drone, Hydralisk Den  
  114  8:24  Drone x3  
  114  8:26  Spore Crawler  
  117  8:28  Drone  
  117  8:30  Overlord  
  117  8:31  Extractor  
  117  8:32  Extractor  
  116  8:43  Swarm Host x6  
  116  8:44  Hatchery  
  116  8:48  Swarm Host x2  
  136  8:53  Swarm Host  
  136  8:54  Swarm Host x2  
  148  9:00  Swarm Host x2  
  154  9:04  Overlord  
  154  9:07  Hydralisk x2  
  158  9:16  Hydralisk x4  
  160  9:21  Hydralisk Den  
  160  9:22  Overlord x2  
  165  9:27  Drone x2  
  165  9:29  Spine Crawler  
  165  9:30  Drone  
  167  9:31  Spore Crawler x2  
  167  9:33  Swarm Host x2  
  167  9:38  Hatchery  
  170  9:39  Roach x4  
  170  9:42  Roach  
  180  9:47  Overlord  
  180  9:51  Roach x5  
  190  9:56  Roach x3  
  193  10:16  Grooved Spines  
  193  10:17  Hive  
  193  10:19  Hydralisk x3  
  193  10:20  Zergling x2, Hydralisk x2  
  193  10:21  Zergling x10  
  195  10:24  Ravager x5  
  200  10:43  Baneling Nest  
  195  11:02  Hydralisk x4  
  195  11:03  Hydralisk x13  
  190  11:06  Muscular Augments  
  186  11:12  Overseer  
  186  11:13  Pneumatized Carapace  
  179  11:20  Zergling x8  
  179  11:21  Zergling x8  
  187  11:27  Zergling x12  
  191  11:34  Zergling x8  
Tags
 
Add a new tag
Caveats
  • Supply blocks, unpowered buildings, or Contaminate may cause inaccurate times.
  • Supply counts are checked every 10 seconds.